 Dungeon Crawl Stone Soup version 0.19.1 (webtiles) character file.

40 ChaseSP the Chopper (level 3, 0/31 HPs)
             Began as a Hill Orc Fighter on Nov 29, 2016.
             Slain by a crimson imp (1 damage)
             ... summoned by Natasha
             ... on level 2 of the Dungeon.
             The game lasted 00:01:16 (738 turns).

ChaseSP the Chopper (Hill Orc Fighter)               Turns: 738, Time: 00:01:17

Health: 0/31       AC:  9    Str: 19    XL:     3   Next: 50%
Magic:  3/3        EV:  5    Int:  8    God:
Gold:   65         SH:  9    Dex: 10    Spells: 0 memorised, 2 levels left

rFire  + . .     SeeInvis .     a - +0 war axe
rCold  . . .     Gourm    .     q - +0 chain mail
rNeg   . . .     Faith    .     c - +0 shield
rPois  .         Spirit   .     (no helmet)
rElec  .         Reflect  .     (no cloak)
rCorr  .         Harm     .     (no gloves)
MR     .....                    (no boots)
Stlth  ..........               (no amulet)
                                (no ring)
                                k - ring of protection from fire

@: no status effects
A: no striking features
a: no special abilities


You were on level 2 of the Dungeon.
You were not hungry.

You visited 1 branch of the dungeon, and saw 2 of its levels.

You collected 65 gold pieces.

Inventory:

Hand Weapons
 a - a +0 war axe (weapon)
Armour
 c - a +0 shield (worn)
 q - a +0 chain mail (worn)
Jewellery
 k - a ring of protection from fire (left hand)
Scrolls
 e - a scroll of enchant weapon {unknown}
 g - 2 scrolls of amnesia {unknown}
 j - 2 scrolls of teleportation {unknown}
 n - a scroll of enchant armour {unknown}
 o - a scroll of blinking {unknown}
Potions
 b - a potion of invisibility {unknown}
 d - a potion of might
 l - a potion of heal wounds {unknown}
 p - a potion of haste {unknown}
Comestibles
 f - a bread ration
 i - a slice of pizza
 m - 6 fruits


   Skills:
 - Level 3.6 Fighting
 + Level 5.0 Axes
 - Level 3.2 Armour
 - Level 3.2 Shields


You had 2 spell levels left.
You didn't know any spells.

Dungeon Overview and Level Annotations

Branches:
Dungeon (2/15)

Altars:

Annotations:
D:2 Natasha


Message History

The iron imp hits you.
* * * LOW HITPOINT WARNING * * *
You barely miss Natasha.
Your shield prevents you from hitting the crimson imp.
You hit the iron imp.
Natasha stares at you and mumbles some strange words.
The magic dart hits you!
* * * LOW HITPOINT WARNING * * *
The crimson imp shouts, "Leave, thou qualling flap-mouthed crab-lanthorn!"
The crimson imp hits you but does no damage.
The iron imp barely misses you. Natasha barely misses you.
You block the crimson imp's attack.
You barely miss Natasha. You hit the crimson imp.
Your shield and chain mail prevent you from hitting the crimson imp.
Your shield and chain mail prevent you from hitting the iron imp.
The iron imp disappears in a puff of smoke!
The crimson imp hits you but does no damage.
Natasha claws you but does no damage. The crimson imp barely misses you.
The crimson imp hits you.
You die...

##############
###............##
................########
........................
#...ยง5..?....#.#######
#...h@5......#.#
#.....%......#.#
#............#.##
+............#..#
#............##.##
#............##..#####
#........)...##...#...
##+############...#...
#.# #...#...


You could see Natasha and 2 crimson imps.

Vanquished Creatures
  2 adders (D:2)
  2 worms (D:2)
  A dart slug (D:2)
  A giant cockroach (D:2)
  3 hobgoblins
  2 bats
  2 frilled lizards (D:2)
  3 goblins (D:1)
  A rat (D:1)
17 creatures vanquished.

Notes
Turn   | Place    | Note
-------+----------+-------------------------------------------
     0 | D:1      | ChaseSP the Hill Orc Fighter began the quest for the Orb.
     0 | D:1      | Reached XP level 1. HP: 19/19 MP: 1/1
    52 | D:1      | Reached skill level 3 in Axes
   349 | D:1      | Reached XP level 2. HP: 25/26 MP: 2/2
   356 | D:1      | You fall through a shaft!
   367 | D:2      | Reached skill level 4 in Axes
   399 | D:2      | Reached XP level 3. HP: 24/31 MP: 3/3
   712 | D:2      | Reached skill level 5 in Axes
   720 | D:2      | Noticed Natasha
   737 | D:2      | HP: 1/31 [Natasha/magic dart (1)]
   738 | D:2      | Slain by a crimson imp

Skill      XL: |  1  2  3 |
---------------+----------+-----
Axes           | 3 4 5 |  5.0
Fighting       | |  3.6
Armour         | |  3.2
Shields        | |  3.2

Action                   || total
-------------------------++-------
Melee: War axe           ||    77
Armor: Scale mail        ||    14
       Chain mail        ||    28
Dodge: Dodged            ||    24
Block: Shield            ||    51
